 Dungeon Crawl Stone Soup version 0.16-b1 (webtiles) character file.

74 dithyrambik the Chopper (level 4, -1/35 HPs)
             Began as a Formicid Abyssal Knight on Mar 15, 2015.
             Was a Believer of Lugonu.
             Killed by a spatial distortion (3 damage)
             ... on level 2 of the Dungeon.
             The game lasted 00:06:37 (2059 turns).

dithyrambik the Chopper (Formicid Abyssal Knight)   Turns: 2059, Time: 00:06:38

Health: -1/35      AC:  6    Str: 16    XL:     4   Next: 54%
Magic:  6/8        EV: 10    Int: 13    God:    Lugonu [**....]
Gold:   103        SH:  0    Dex: 10    Spells: 0 memorised, 3 levels left

rFire  . . .     SeeInvis +     a - +1 hand axe
rCold  . . .     Clarity  .     h - +0 ring mail
rNeg   . . .     SustAb   .     (no shield)
rPois  .         Gourm    .     (helmet unavailable)
rElec  .         Spirit   .     (no cloak)
rCorr  .         Warding  .     (no gloves)
rMut   .         Stasis   +     i - +0 pair of boots
MR     .....                    (no amulet)
Stlth  ..........               (no ring)
                                (no ring)

@: not resistant to hostile enchantments, extremely unstealthy
A: permanent stasis, dig shafts and tunnels, four strong arms, antennae 3
a: Dig, Shaft Self, Depart the Abyss, Bend Space, Renounce Religion


You were on level 2 of the Dungeon.
You worshipped Lugonu.
Lugonu was pleased with you.
You were hungry.

You visited 1 branch of the dungeon, and saw 2 of its levels.
You visited the Abyss 1 time.

You collected 103 gold pieces.

Inventory:

Hand weapons
 a - a +1 hand axe (weapon)
Armour
 b - a +0 leather armour
 h - a +0 ring mail (worn)
 i - a +0 pair of boots (worn)
Jewellery
 g - an uncursed ring of ice
Scrolls
 e - a scroll of enchant weapon {unknown}
 n - a scroll of noise {unknown}
 o - a scroll of teleportation {unknown}
 r - a scroll of fog {unknown}
Potions
 k - a potion of cure mutation
 l - 2 potions of ambrosia
 m - a potion of restore abilities
 p - a potion of magic
 s - a potion of brilliance {unknown}
Comestibles
 c - 3 bread rations
 d - 4 fruits
 f - 2 beef jerkies
 q - 3 chunks of flesh


   Skills:
 - Level 3.2 Fighting
 * Level 3.8 Axes
 - Level 2.1 Armour
 - Level 0.8 Dodging
 + Level 3.3 Invocations


You had 3 spell levels left.
You didn't know any spells.

Dungeon Overview and Level Annotations

Branches:
Dungeon (2/15)

Altars:
Makhleb

Annotations:
D:2 Crazy Yiuf


Innate Abilities, Weirdness & Mutations

You are under a permanent stasis effect.
You can dig through walls and to a lower floor.
Your four strong arms can wield two-handed weapons with a shield.
You have a pair of large antennae on your head (SInv).


Message History

Crazy Yiuf is heavily wounded.
Crazy Yiuf hits you with a quarterstaff of chaos.
You barely miss Crazy Yiuf.
Crazy Yiuf is heavily wounded.
Crazy Yiuf hits you with a quarterstaff of chaos.
Crazy Yiuf draws strength from your injuries!
Use which ability? (? or * to list) Space bends around you!
You blink.
You feel slightly more hungry.
Crazy Yiuf says, "Gum disdain arm!"
Crazy Yiuf hits you but does no damage.
Use which ability? (? or * to list) Space bends around you!
You blink.
* * * LOW HITPOINT WARNING * * *
You feel slightly more hungry.
Crazy Yiuf hits you with a quarterstaff of chaos!
* * * LOW HITPOINT WARNING * * *
You don't know any spells.
Use which ability? (? or * to list) Space bends around you!
You blink.
You die...

#....#.....#.##.##
######.#####.#...##
#....#.#######....#
..##.#.#..# ##..##
..##.#.#.## ♣....♣
..##'#....# ♣♣...♣
#.<...##.## ♣♣.♣♣
###...##.# ♣♣.♣
......##.# ♣@♣♣
##.#.###.# ♣♣.♣
#.#.. ..# ♣.♣♣
#.### ### ##'## #.
#§g.# #..§# #)..#
#####


You could see Crazy Yiuf.

Vanquished Creatures
  2 adders (D:2)
  A giant mite (D:1)
  A worm (D:2)
  A giant gecko (D:2)
  An ooze (D:1)
  A ball python (D:1)
  4 bats (D:1)
  7 hobgoblins (D:1)
  3 giant cockroaches (D:1)
  A giant newt (D:1)
  6 goblins
  7 kobolds
  4 rats
39 creatures vanquished.

Notes
Turn   | Place    | Note
--------------------------------------------------------------
     0 | Abyss:1  | dithyrambik, the Formicid Abyssal Knight, began the quest for the Orb.
     0 | Abyss:1  | Reached XP level 1. HP: 18/18 MP: 1/1
    19 | D:1      | Escaped the Abyss
   326 | D:1      | Reached XP level 2. HP: 5/24 MP: 3/3
   340 | D:1      | HP: 1/24 [poisoned by a giant mite]
   667 | D:1      | Reached XP level 3. HP: 29/29 MP: 5/5
   676 | D:1      | Acquired Lugonu's second power
  1705 | D:2      | Found a burning altar of Makhleb.
  1726 | D:2      | Reached XP level 4. HP: 32/35 MP: 7/7
  2050 | D:2      | Noticed Crazy Yiuf
  2059 | D:2      | Killed by a spatial distortion

Action                   |  1- 3 |  4- 6 || total
-------------------------+-------+-------++-------
Melee: Hand axe          |   104 |    32 ||   136
Invok: Bend Space        |       |     2 ||     2
  Use: Scroll            |     3 |     1 ||     4
  Eat: Chunk             |     3 |       ||     3
